 Dungeon Crawl Stone Soup version 0.24-a0-653-g3936067ed8 (webtiles) character file.

Game seed: 4482757459598504131, levelgen mode: deterministic

3521 Kae the Martial Artist (level 9, 0/63 HPs)
             Began as a Demonspawn Monk on Sept 27, 2019.
             Slain by an orc
             ... wielding a +0 mace
              (2 damage)
             ... on level 10 of the Dungeon.
             The game lasted 00:11:33 (8380 turns).

Kae the Martial Artist (Demonspawn Monk)            Turns: 8380, Time: 00:11:34

Health: 0/63       AC: 17    Str: 11    XL:     9   Next: 81%
Magic:  9/9        EV: -3    Int: 12    God:
Gold:   247        SH:  0    Dex: 19    Spells: 8/8 levels left

rFire    + . .     SeeInvis .     - Unarmed
rCold    + . .     Gourm    .   (no shield)
rNeg     . . .     Faith    .   g - +0 gold dragon scales
rPois    +         Spirit   .   i - +2 hat
rElec    .         Reflect  .   (no cloak)
rCorr    .         Harm     .   (no gloves)
MR       .....                  q - +0 pair of boots
Stlth    ..........             (no amulet)
HPRegen  0.20/turn              e - ring of flight
MPRegen  0.11/turn              (no ring)

@: about to teleport
A: antennae 2, icy blue scales 1, demonic guardian 1
a: Evoke Flight


You were on level 10 of the Dungeon.
You were not hungry.

You visited 2 branches of the dungeon, and saw 10 of its levels.

You collected 391 gold pieces.
You spent 144 gold pieces at shops.

Inventory:

Armour
 a - a +0 robe
 g - +0 gold dragon scales (worn)
 i - a +2 hat (worn)
 q - a +0 pair of boots (worn)
Jewellery
 e - a ring of flight (left hand)
 t - the amulet of Ziho {Acrobat +Fly rF+ Dex-5}
   (You found it on level 5 of the Dungeon)

   [amulet of the acrobat]

   It helps you evade while moving and waiting.
   It affects your dexterity (-5).
   It protects you from fire.
   It lets you fly.
 u - a +4 ring of dexterity {unknown}
Wands
 k - a wand of acid (8)
Scrolls
 c - a scroll of amnesia
 d - a scroll of enchant armour
 r - 5 scrolls of remove curse
 s - a scroll of teleportation
Potions
 h - a potion of mutation
 l - 2 potions of magic
 m - a potion of cancellation
 n - a potion of flight
Comestibles
 b - 13 rations


   Skills:
 - Level 3.0 Fighting
 - Level 2.6 Dodging
 - Level 1.7 Stealth
 + Level 12.8 Unarmed Combat


You had 8 spell levels left.
You didn't know any spells.
Your spell library was empty.

Dungeon Overview and Level Annotations

Branches:
Dungeon (11/15)            Temple (1/1) D:6            Lair (0/6) D:10
    Orc: D:9-12

Altars:
Ashenzari
Cheibriados
Dithmenos
Elyvilon
Fedhas
Hepliaklqana
Kikubaaqudgha
Makhleb
Nemelex Xobeh
Qazlal
Ru
Sif Muna
Trog
Wu Jian
Yredelemnul
Zin
The Shining One

Shops:
D:5 *[=?:


Innate Abilities, Weirdness & Mutations

You have a pair of antennae on your head.
You are partially covered in icy blue scales. (AC +2)
A weak demonic guardian rushes to your aid.


Message History

Your white imp disappears in a puff of smoke!
The orc priest looks encouraged for a moment.
A jelly and a wight come into view.
Your surroundings seem slightly different.
The orc shouts!
The wight hits your iron imp with a cursed -3 scimitar.
The jelly moves out of view.
The orc priest mumbles some strange prayers to Beogh against you.
Beogh smites you!
* * * LOW HITPOINT WARNING * * *
The wight hits your iron imp with a cursed -3 scimitar.
Your iron imp hits the wight but does no damage.
The wight hits your iron imp with a cursed -3 scimitar.
The wight barely misses your iron imp.
Your iron imp hits the wight but does no damage.
The wight hits your iron imp with a cursed -3 scimitar.
The wight barely misses your iron imp.
Your iron imp hits the wight.
As you read the scroll of teleportation, it crumbles to dust.
You feel strangely unstable. The orc hits you with a +0 mace.
You die...

.#....#......##.....
#.....)).zz###......
#...^....)#.#..........
#.........###5##.z.....
##........###5.........
#..........#..##o......
...###.................
... ........#5o....(..
...........@.......
#.................
#.....>.......###
#..........####
#...[##.....# #..##
#...### ## #..## ####


You could see a wight, an orc priest, an orc, 2 friendly iron imps and a
friendly ufetubus.

Vanquished Creatures
  2 trolls (D:9)
  A hornet (D:9)
  A hippogriff (D:9)
  3 sky beasts
  A black bear (D:6)
  An orc warrior (D:9)
  2 ogres
  2 centaurs (D:9)
  2 bullfrogs
  A gnoll sergeant (D:6)
  2 scorpions (D:9)
  7 killer bees (D:9)
  4 howler monkeys (D:9)
  2 crimson imps
  3 hounds
  2 gnoll shamans (D:6)
  7 worker ants
  2 hound skeletons
  A howler monkey zombie (D:5)
  4 gnolls (D:6)
  A worker ant zombie (D:9)
  9 adders
  A shadow imp (D:5)
  3 oozes
  2 adder zombies
  A worm (D:3)
  4 leopard geckos
  14 orcs
  2 ball pythons
  2 giant cockroaches
  4 goblins
  4 hobgoblins
  6 jackals (D:6)
  5 kobolds
  3 quokkas
  6 bats
  4 frilled lizards
  A leopard gecko skeleton (D:4)
  4 rats
126 creatures vanquished.

Vanquished Creatures (collateral kills)
  A hungry ghost (D:10)
  A warg (D:10)
  A phantom (D:6)
  3 ogres (D:9)
  A centaur (D:5)
  A gnoll sergeant (D:6)
  A howler monkey (D:6)
  2 orc priests
  A hound (D:4)
  3 orc wizards
  An adder (D:5)
  A gnoll (D:6)
  3 orcs
20 creatures vanquished.

Grand Total: 146 creatures vanquished

Notes
Turn   | Place    | Note
-------+----------+-------------------------------------------
     0 | D:1      | Kae the Demonspawn Monk began the quest for the Orb.
     0 | D:1      | Reached XP level 1. HP: 18/18 MP: 1/1
   127 | D:1      | Reached skill level 3 in Unarmed Combat
   436 | D:1      | Gained mutation: You are partially covered in icy blue
                  | scales. (AC +2) [demonic ancestry]
   436 | D:1      | Reached XP level 2. HP: 18/24 MP: 2/2
  1197 | D:2      | Gained mutation: You have a pair of small antennae on your
                  | head. [demonic ancestry]
  1197 | D:2      | Reached XP level 3. HP: 23/29 MP: 3/3
  1702 | D:2      | Reached skill level 4 in Unarmed Combat
  2328 | D:3      | Gained mutation: A weak demonic guardian rushes to your
                  | aid. [demonic ancestry]
  2328 | D:3      | Reached XP level 4. HP: 32/35 MP: 4/4
  2727 | D:3      | Found a white marble altar of Elyvilon.
  3045 | D:4      | Reached skill level 5 in Unarmed Combat
  3089 | D:4      | Found a glowing golden altar of the Shining One.
  3272 | D:4      | Reached XP level 5. HP: 12/41 MP: 5/5
  3920 | D:5      | Entered Level 5 of the Dungeon
  3978 | D:5      | Reached skill level 6 in Unarmed Combat
  3986 | D:5      | Found Vaedwef's Book Shoppe.
  4037 | D:5      | Gained mutation: You have a pair of antennae on your head.
                  | [demonic ancestry]
  4037 | D:5      | Reached XP level 6. HP: 46/47 MP: 6/6
  4058 | D:5      | Found Moumpiefiu's Magic Scroll Shoppe.
  4059 | D:5      | Found Pireish's Jewellery Emporium.
  4066 | D:5      | Bought a scroll of remove curse for 33 gold pieces
  4066 | D:5      | Bought a scroll of teleportation for 33 gold pieces
  4078 | D:5      | Bought a cursed ring of teleportation for 58 gold pieces
  4085 | D:5      | Got a sparkling brass amulet
  4115 | D:5      | Identified the amulet of Ziho {Acrobat +Fly rF+ Dex-5} (You
                  | found it on level 5 of the Dungeon)
  4144 | D:5      | Found a bloodstained altar of Trog.
  4188 | D:5      | Found Roxtipi's General Store.
  4190 | D:5      | Noticed a sky beast
  4240 | D:5      | Killed a sky beast
  4519 | D:5      | Found Qisiphoss's Antique Armour Emporium.
  4520 | D:5      | Bought a scroll of identify for 20 gold pieces
  4662 | D:5      | Found an ancient bone altar of Kikubaaqudgha.
  4818 | D:5      | Reached skill level 7 in Unarmed Combat
  5004 | D:6      | Reached XP level 7. HP: 52/52 MP: 7/7
  5109 | D:6      | Reached skill level 8 in Unarmed Combat
  5647 | D:6      | Found a staircase to the Ecumenical Temple.
  5686 | Temple   | Entered the Ecumenical Temple
  5943 | D:6      | Reached skill level 9 in Unarmed Combat
  5943 | D:6      | Reached XP level 8. HP: 40/58 MP: 8/8
  6495 | D:6      | You fall into a shaft and drop 3 floors!
  6640 | D:9      | Noticed a hornet
  6648 | D:9      | Paralysed by a hornet for 1 turns
  6652 | D:9      | Killed a hornet
  6654 | D:9      | Reached skill level 10 in Unarmed Combat
  6716 | D:9      | Noticed a hippogriff
  6739 | D:9      | Killed a hippogriff
  6742 | D:9      | Noticed a troll
  7027 | D:9      | Reached skill level 11 in Unarmed Combat
  7043 | D:9      | Killed a troll
  7043 | D:9      | Reached XP level 9. HP: 36/63 MP: 9/9
  7585 | D:9      | Noticed a troll
  7604 | D:9      | Killed a troll
  7607 | D:9      | Reached skill level 12 in Unarmed Combat
  7666 | D:9      | Found a shimmering blue altar of Sif Muna.
  7886 | D:9      | Found a bloodstained altar of Trog.
  7925 | D:9      | You fall into a shaft and drop 1 floor!
  7925 | D:10     | Entered Level 10 of the Dungeon
  8299 | D:11     | Noticed a cyclops
  8305 | D:10     | Found a staircase to the Lair.
  8329 | D:10     | HP: 3/63 [orc priest/divine providence (14)]
  8375 | D:10     | HP: 1/63 [orc priest/divine providence (12)]
  8380 | D:10     | Slain by an orc

Levels and vault maps discovered:
D:1:      lightli_arrival_noodles, layout_loops_corners
D:2:      layout_basic, serial_rivers, chequers_serial_rivers_micro_b,
          chequers_serial_rivers_micro_c, chequers_serial_rivers_room_b,
          chequers_serial_rivers_room_a
D:3:      layout_loops_ring, nicolae_overflow_hidden_temple, grunt_decor_cap
D:4:      layout_basic, tso_altar, serial_bayou_pond_d, kennysheep_nub,
          columned_hall_lemuel
D:5:      layout_gridville, lemuel_coloured_pillars_altar, serial_shops,
          nicolae_shop_crystal, shop, shop, shop_scrolls, shop, first_ration,
          trog_three_pillars_becter
D:6:      layout_cave_pools, minmay_temple_entry_stoned_glass,
          serial_gnoll_camp, gnoll_camp_mini_hut, gnoll_camp_mini_house,
          gnoll_camp_mini_hut, gnoll_camp_mini_hut, gnoll_camp_mini_house,
          gnoll_camp_mini_basic, corexii_hall_statues_s, minmay_misc_feat_square
D:9:      wad_arrow_thing, layout_small_grid, lightli_temple_of_fire,
          led_sif_book
D:10:     layout_cave_pools, erik_lair_orcish_takeover, basic_altar,
          bh_walls_and_bars
D:11:     layout_gridville, david_orc_2
Temple:   nicolae_temple_hex_pool

Skill      XL: |  1  2  3  4  5  6  7  8  9 |
---------------+----------------------------+-----
Unarmed Combat | 3 4 5 6 7 9 11 12 | 12.8
Fighting       | |  3.0
Dodging        | |  2.6
Stealth        | |  1.7

Action                   |  1- 3 |  4- 6 |  7- 9 || total
-------------------------+-------+-------+-------++-------
Melee: Unarmed           |   135 |   209 |   426 ||   770
       Punch             |     1 |     4 |    13 ||    18
  Use: Scroll            |       |    11 |     9 ||    20
       Potion            |       |     1 |    10 ||    11
 Stab: Sleeping          |     7 |     3 |       ||    10
       Distracted        |       |       |     5 ||     5
       Invisible         |       |       |     7 ||     7
  Eat: Chunk             |     1 |     6 |    10 ||    17
       Ration            |     1 |     1 |     1 ||     3
Armor: Robe              |    30 |    21 |       ||    51
       Gold dragon scale |       |   117 |   420 ||   537
       Skin              |       |     1 |    11 ||    12
Dodge: Dodged            |    87 |    40 |    20 ||   147

Table legend:
 A = Non-vault XP
 B = Vault XP
 C = Vault XP percentage of total XP
 D = Non-vault monster count
 E = Vault monster count
 F = Vault count percentage of total count
                 A         B        C        D         E       F
            +---------+---------+-------+---------+---------+-------
      Total |    3682 |    1349 |  26.8 |     125 |      21 |  14.4
            +---------+---------+-------+---------+---------+-------
        D:1 |      19 |       0 |   0.0 |      14 |       0 |   0.0
        D:2 |      43 |       0 |   0.0 |      10 |       0 |   0.0
        D:3 |      79 |       0 |   0.0 |      19 |       0 |   0.0
        D:4 |     136 |       0 |   0.0 |      11 |       0 |   0.0
        D:5 |     431 |       0 |   0.0 |      12 |       0 |   0.0
        D:6 |     612 |     306 |  33.3 |      26 |      12 |  31.6
        D:9 |    1994 |     900 |  31.1 |      26 |       8 |  23.5
       D:10 |     329 |     143 |  30.3 |       5 |       1 |  16.7
       D:11 |      39 |       0 |   0.0 |       2 |       0 |   0.0
            +---------+---------+-------+---------+---------+-------
